cohdb
Replays
Latest Replays
All Replays
Popular Replays
Top Player Replays
Match Explorer
How It Works
Community
CoH3 Stats
Reddit
Sign in to upload your games and track your stats! →
Sign in with Steam
Match 45297282
Unlisted
Match 45297282
Overview
Messages
Build Orders
End
Vickers Machine Gun Team
Construct Section Command Post
Infantry Section
ML 3-inch Mortar Team
Infantry Section
Grenade Package
Construct Platoon Command Post
Selects Canadian Shock Battlegroup
Selects Attacking Spirit
6-pounder Anti-tank Gun Team
Selects Canadian Shock Section
Selects Burnout
Burnout
Unlock Bishop Self-propelled Artillery
Bishop Self-propelled Artillery
Bishop Self-propelled Artillery
6-pounder Anti-tank Gun Team
Burnout
CMP 15cwt Truck
고양이
DirtyDan
Pepe Silvia
U b I J a C z K a
xdfsdfdfssdf
twysty
0
0
Comments
sign in to comment!
No comments posted yet!